 Dungeon Crawl Stone Soup version 0.29.1-2-gbd0b4ee654 (webtiles) character file.

Game seed: 324410314810335755

116 kingsuperguy the Ruffian (level 5, -1/46 HPs)
             Began as a Ghoul Monk on Nov 14, 2022.
             Was an Initiate of Yredelemnul.
             Slain by a gnoll
             ... wielding a +0 halberd
              (10 damage)
             ... on level 3 of the Dungeon.
             The game lasted 00:11:42 (2234 turns).

kingsuperguy the Ruffian (Ghoul Monk)               Turns: 2234, Time: 00:11:44

Health: -1/46      AC:  3    Str: 17    XL:     5   Next: 1%
Magic:  4/4        EV: 12    Int:  5    God:    Yredelemnul [......]
Gold:   116        SH:  0    Dex: 11    Spells: 4/4 levels left

rFire   . . .      SeeInvis .     - Unarmed
rCold   + . .      Faith    .   (no shield)
rNeg    + + +      Spirit   .   a - +0 robe
rPois   ∞          Reflect  .   (no helmet)
rElec   .          Harm     .   v - +0 cloak
rCorr   .          Rampage  .   (no gloves)
Will    .....                   (no boots)
Stlth   +.........              e - amulet of regeneration
HPRegen 0.00/turn               (no ring)
MPRegen 0.09/turn               (no ring)

@: confused, ambrosia-drunk, inhibited regen
A: claws 1, cold resistance 1, negative energy resistance 3, inhibited
regeneration, torment resistance 2, devour on kill
a: Renounce Religion, Recall Undead Harvest


You were on level 3 of the Dungeon.
You worshipped Yredelemnul.
Yredelemnul was noncommittal.
You visited 1 branch of the dungeon, and saw 3 of its levels.

You collected 116 gold pieces.

Inventory:

Hand Weapons
 c - a +0 dagger
 u - a +0 short sword of electrocution
 w - a +0 demon whip of venom
Missiles
 g - 15 stones (quivered)
 p - 10 poisoned darts
 s - 6 large rocks
Armour
 a - a +0 robe (worn)
 v - a +0 cloak (worn)
Jewellery
 e - an amulet of regeneration (around neck)
 x - a ring of fire
Scrolls
 f - a scroll of butterflies {unknown}
 j - a scroll of enchant armour {unknown}
 n - a scroll of vulnerability {unknown}
 o - a scroll of fear {unknown}
 q - a scroll of identify {unknown}
Potions
 d - a potion of attraction {unknown}
 h - a potion of mutation {unknown}
 i - a potion of curing {unknown}
 k - a potion of flight {unknown}
 l - a potion of magic {unknown}
 m - a potion of degeneration {unknown}
 r - 2 potions of haste {unknown}
 t - a potion of might {unknown}


   Skills:
 * Level 4.0 Fighting
 + Level 2.9 Dodging
 + Level 2.7 Stealth
 * Level 5.1 Unarmed Combat
 + Level 0.1 Invocations


You had 4 spell levels left.
You didn't know any spells.
Your spell library contained the following spells:

 Spells                   Type           Power      Damage    Failure   Level
 Ensorcelled Hibernation  Hex/Ice        0%         N/A       63%         2
 Dazzling Flash           Conj/Hex       0%         N/A       85%         3
 Iskenderun's Mystic Bla  Conj/Tloc      0%         2d3       99%         4
 Starburst                Conj/Fire      0%         6d3       100%        6
 Sublimation of Blood     Necr           Unusable   N/A       N/A         2
 Ice Form                 Ice/Tmut       Unusable   N/A       N/A         4
 Death's Door             Necr           Unusable   N/A       N/A         9

Dungeon Overview and Level Annotations

Branches:
Dungeon (3/15)

Altars:
Yredelemnul


Innate Abilities, Weirdness & Mutations

You are immune to poison.
You have sharp fingernails.
Your flesh is cold resistant. (rC+)
You are immune to negative energy. (rN+++)
You do not regenerate when monsters are visible.
You are immune to unholy pain and torment.
You thrive by killing the living.


Message History

The bat barely misses you. The bat hits you.
* * * LOW HITPOINT WARNING * * *
The bat hits you but does no damage.
You miss the bat. The bat hits you but does no damage.
You claw the bat!
You kill the bat!
The dead are flying!
The bat hits your bat zombie. x2
The gnoll completely misses you.
The bat completely misses your bat zombie.
Your bat zombie barely misses the bat.
The bat hits your bat zombie. The bat closely misses your bat zombie.
Your bat zombie hits the bat but does no damage.
A kobold comes into view. It is wielding a +0 dagger.
Your bat zombie hits the gnoll.
The quokka bites your bat zombie.
A rat comes into view.
A gnoll comes into view. It is wielding a +0 spear.
An endoplasm comes into view.
The gnoll shouts! x2
The endoplasm quivers.
The gnoll hits you from afar with a +0 spear.
* * * LOW HITPOINT WARNING * * *
A giant cockroach comes into view.
Okay, then.
You are confused.
You feel invigorated. The gnoll hits you but does no damage.
The gnoll hits you from afar with a +0 spear.
* * * LOW HITPOINT WARNING * * *
You are too confused!
The gnoll hits you from afar with a +0 spear.
* * * LOW HITPOINT WARNING * * *
The gnoll closely misses you. The giant cockroach bites you.
* * * LOW HITPOINT WARNING * * *
The giant cockroach attacks as you move away!
The giant cockroach bites you.
* * * LOW HITPOINT WARNING * * *
The gnoll attacks as you move away! The gnoll barely misses you.
The gnoll closely misses you. The gnoll hits you with a +0 halberd!
You die...
Yredelemnul claims you as an undead slave.

#b# #.. . #Z# .# .#
#.#####.##.#
#...g......#
#r####.#.### #.#
#...#####.# ######.#
##.!......# #g...Zr#
###g)###### #.######
#.g@.g..[(#
###.########.#B.####.#
#............#..#
#.#.##########.J#
#.#.# .... # #.#
.#..## #K# #.#... ...
# #... ... .....


You could see 3 gnolls, an endoplasm and a giant cockroach.

Vanquished Creatures
  3 adders (D:2)
  A worm (D:2)
  A dart slug (D:1)
  4 bats
  5 endoplasms
  A giant cockroach (D:1)
  A goblin (D:1)
  5 hobgoblins
  A jackal (D:2)
  8 kobolds
  5 quokkas
  2 ball pythons
  2 frilled lizards (D:1)
  4 rats
43 creatures vanquished.

Vanquished Creatures (collateral kills)
  A gnoll (D:3)
  An adder (D:2)
  A dart slug (D:1)
  2 ball pythons (D:2)
  2 bats (D:1)
  An endoplasm (D:2)
  A hobgoblin (D:1)
  3 jackals (D:2)
  2 quokkas
  A frilled lizard (D:2)
  3 kobolds
  2 rats
20 creatures vanquished.

Vanquished Creatures (others)
  5 bat zombies
  A gnoll zombie (D:3)
  3 ball python zombies (D:2)
  2 hobgoblin zombies
  A jackal zombie (D:2)
  3 kobold zombies
  2 quokka zombies (D:2)
  A rat zombie (D:3)
18 creatures vanquished.

Grand Total: 81 creatures vanquished

Notes
Turn   | Place    | Note
-------+----------+-------------------------------------------
     0 | D:1      | kingsuperguy the Ghoul Monk began the quest for the Orb.
     0 | D:1      | Reached XP level 1. HP: 19/19 MP: 0/0
   102 | D:1      | Reached XP level 2. HP: 26/26 MP: 1/1
   250 | D:2      | Found a basalt altar of Yredelemnul.
   273 | D:2      | Became a worshipper of Yredelemnul the Dark
   273 | D:2      | Reached * piety under Yredelemnul
   273 | D:2      | Reached ** piety under Yredelemnul
   305 | D:2      | Reached XP level 3. HP: 31/31 MP: 2/2
   322 | D:2      | Reached skill level 4 in Unarmed Combat
   431 | D:2      | Got Neunim's Secrets of Boreal Black Magic
   645 | D:2      | Reached XP level 4. HP: 38/40 MP: 3/3
   652 | D:2      | Reached *** piety under Yredelemnul
  1289 | D:1      | You fall into a shaft and drop 1 floor!
  2042 | D:3      | Reached skill level 5 in Unarmed Combat
  2196 | D:3      | Reached XP level 5. HP: 46/46 MP: 4/4
  2234 | D:3      | Slain by a gnoll

Illustrated notes

Levels and vault maps discovered:
D:1:      erik_arrival_blinker_ship, layout_basic, kennysheep_minor_cross
D:2:      layout_rooms, basic_altar, nicolae_figureground_pulse
D:3:      layout_loops_ring

Skill      XL: |  1  2  3  4 |
---------------+-------------+-----
Unarmed Combat | 4 5 |  5.1
Fighting       | 4 |  4.0
Dodging        | |  2.9
Stealth        | |  2.7
Invocations    | |  0.1

Action                   |  1- 3 |  4- 6 || total
-------------------------+-------+-------++-------
Melee: Unarmed           |    48 |    64 ||   112
       Punch             |     1 |       ||     1
       Demon whip        |       |     9 ||     9
Throw: Stone             |       |     3 ||     3
Invok: Recall Undead Har |     3 |     1 ||     4
  Use: Potion            |       |     1 ||     1
 Stab: Sleeping          |     1 |     2 ||     3
Armor: Robe              |    10 |    25 ||    35
Dodge: Dodged            |    25 |    84 ||   109
